 Dungeon Crawl Stone Soup version 0.21.1-1-g345015f (webtiles) character file.

30 letownia2 the Conjurer (level 3, -1/19 HPs)
             Began as a Gargoyle Venom Mage on Feb 13, 2018.
             Killed by nerve-wracking pain
             ... invoked by an orc priest
              (6 damage)
             ... on level 2 of the Dungeon.
             The game lasted 00:03:29 (573 turns).

letownia2 the Conjurer (Gargoyle Venom Mage)         Turns: 573, Time: 00:03:30

Health: -1/19      AC:  6    Str: 11    XL:     3   Next: 20%
Magic:  0/6        EV: 11    Int: 16    God:
Gold:   0          SH:  0    Dex: 10    Spells: 0/6 levels left

rFire    . . .     SeeInvis .   a - +0 trident
rCold    . . .     Gourm    .   (no shield)
rNeg     + . .     Faith    .   e - +0 leather armour
rPois    ∞         Spirit   .   (no helmet)
rElec    +         Reflect  .   (no cloak)
rCorr    .         Harm     .   (no gloves)
MR       .....                  (no boots)
Stlth    ++........             (no amulet)
HPRegen  0.06/turn              (no ring)
MPRegen  0.10/turn              (no ring)

@: very slightly contaminated
A: negative energy resistance 1, electricity resistance, unbreathing,
petrification resistance, rot immunity, AC +3
a: no special abilities


You were on level 2 of the Dungeon.
You were not hungry.

You visited 1 branch of the dungeon, and saw 2 of its levels.

Inventory:

Hand Weapons
 a - a +0 trident (weapon)
 g - a +0 short sword
Armour
 e - a +0 leather armour (worn)
 j - a +0 robe
Scrolls
 d - a scroll of identify {unknown}
 h - a scroll of enchant armour {unknown}
 i - a scroll of amnesia {unknown}
Books
 b - a Young Poisoner's Handbook

   Spells                             Type                      Level
   a - Sting                          Conjuration/Poison           1
   b - Poisonous Vapours              Poison/Air                   2
   c - Mephitic Cloud                 Conjuration/Poison/Air       3
   d - Olgreb's Toxic Radiance        Poison                       4
   e - Venom Bolt                     Conjuration/Poison           5
Comestibles
 c - a ration
 f - a chunk of flesh


   Skills:
 - Level 1.5 Dodging
 - Level 2.1 Stealth
 - Level 2.0 Spellcasting
 + Level 3.3 Conjurations
 - Level 3.0 Poison Magic


You couldn't memorise any spells.
You knew the following spells:

 Your Spells              Type           Power        Failure   Level  Hunger
a - Sting                 Conj/Pois      ##..         8%          1    #......
e - Mephitic Cloud        Conj/Pois/Air  #.......     34%         3    ###....
v - Poisonous Vapours     Pois/Air       #.....       22%         2    ###....


Dungeon Overview and Level Annotations

Branches:
Dungeon (2/15)

Altars:


Innate Abilities, Weirdness & Mutations

You are resistant to torment.
Your stone body is resilient. (AC +3)
You are immune to poison.
You resist negative energy. (rN+)
You are resistant to electric shocks. (rElec)
You can survive without breathing.
You are immune to petrification.
You are immune to rotting.


Message History

Casting: Mephitic Cloud
Confirm with . or Enter, or press ? or * to list all spells.
Aiming: Mephitic Cloud
Press: ? - help, Shift-Dir - straight line, f/p - orc priest
Aim: an orc priest, wielding a mace and wearing a ring mail (rain)
The ball explodes into a vile cloud!
The stinking cloud engulfs the orc priest.
The stinking cloud engulfs you!
The stinking cloud engulfs the orc.
The orc closely misses you.
The orc priest hits you but does no damage.
There are monsters nearby!
Unknown command.
Unknown command.
The orc completely misses you.
You hit the orc priest.
The orc priest is lightly wounded.
The orc barely misses you.
The orc priest invokes the aid of Beogh against you.
Pain shoots through your body!
You die...

...... ..... .....
...(. ###########
#o..# #.§§§).≈§.#
#.#.#
#@§§§§.§.§####o..#
#oo§§§.§§§......?†
#§§§§§§§§.########
#§§§§§.§..#
###########


You could see an orc priest and an orc.

Vanquished Creatures
  An adder (D:1)
  A dart slug (D:1)
  A leopard gecko (D:2)
  2 orcs
  A giant cockroach (D:1)
  A goblin (D:1)
  3 jackals (D:1)
  A frilled lizard (D:1)
  2 kobolds
  5 rats
18 creatures vanquished.

Notes
Turn   | Place    | Note
-------+----------+-------------------------------------------
     0 | D:1      | letownia2 the Gargoyle Venom Mage began the quest for the Orb.
     0 | D:1      | Reached XP level 1. HP: 10/10 MP: 3/3
   164 | D:1      | Reached XP level 2. HP: 15/15 MP: 1/5
   291 | D:1      | Learned a level 2 spell: Poisonous Vapours
   395 | D:1      | Reached XP level 3. HP: 2/19 MP: 3/6
   400 | D:1      | Learned a level 3 spell: Mephitic Cloud
   573 | D:2      | Killed from afar by an orc priest

Skill      XL: |  1  2 |
---------------+-------+-----
Conjurations   | 2 3 |  3.3
Dodging        | |  1.5
Stealth        | |  2.1
Spellcasting   | |  2.0
Poison Magic   | |  3.0

Action                   || total
-------------------------++-------
Melee: Unarmed           ||    23
       Short sword       ||     6
       Trident           ||     1
 Cast: Sting             ||    29
       Mephitic Cloud    ||     1
       Poisonous Vapours ||     1
Armor: Leather armour    ||    29
Dodge: Dodged            ||    55
